 Dungeon Crawl Stone Soup version 0.30.1 (webtiles) character file.

Game seed: 16960801480416076778

72 cdecastro the Magician (level 4, -1/33 HPs)
             Began as a Djinni Ice Elementalist on July 7, 2023.
             Slain by an ufetubus (2 damage)
             ... on level 3 of the Dungeon.
             The game lasted 00:04:28 (2444 turns).

cdecastro the Magician (Djinni Ice Elementalist)    Turns: 2444, Time: 00:04:28

Health: -1/33      AC:  3    Str:  7    XL:     4   Next: 48%
Gold:   138        EV: 12    Int: 18    God:
                   SH:  0    Dex: 14

rFire   + + .        b - +0 short sword
rCold   x . .        (no shield)
rNeg    . . .        a - +0 robe
rPois   ∞            (no helmet)
rElec   .            (no cloak)
rCorr   .            e - +0 pair of gloves
SInv    .            (boots unavailable)
Will    .....        (no amulet)
Stlth   ++           (no ring)
HPRegen 0.25/turn    (no ring)
MPRegen 0.00/turn

%: infuse magic (-2 HP)
@: flying, very slightly contaminated
A: sickness immunity, fire resistance 2, cold vulnerability 1, float, innate
caster, HP casting, extra vitality 1
a: no special abilities


You were on level 3 of the Dungeon.
You visited 1 branch of the dungeon, and saw 4 of its levels.

You collected 138 gold pieces.

Inventory:

Hand Weapons
 b - a +0 short sword (weapon)
Missiles
 n - 4 atropa-tipped darts
 q - 2 poisoned darts
Armour
 a - a +0 robe (worn)
 e - a +0 pair of gloves (worn)
Scrolls
 d - 2 scrolls of magic mapping {unknown}
 f - a scroll of enchant armour {unknown}
 g - 2 scrolls of teleportation {unknown}
 i - 3 scrolls of identify {unknown}
 l - a scroll of poison {unknown}
 m - a scroll of immolation {unknown}
 p - a scroll of vulnerability {unknown}
Potions
 c - a potion of might {unknown}
 h - 2 potions of curing {unknown}
 j - a potion of berserk rage {unknown}
 k - a potion of heal wounds {unknown}
 o - a potion of brilliance {unknown}


   Skills:
 + Level 1.9 Fighting
 - Level 2.1 Dodging
 - Level 1.5 Stealth
 * Level 4.1 Spellcasting


You knew the following spells:

 Your Spells              Type           Power      Damage    Failure   Level
a - Freeze                Ice            72%        1d8       2%          1
b - Frozen Ramparts       Ice            36%        1d6       8%          3
c - Ozocubu's Armour      Ice            18%        N/A       8%          3
d - Summon Ice Beast      Ice/Summ       18%        N/A       26%         4
e - Apportation           Tloc           36%        N/A       2%          1
Your spell library was empty.

Dungeon Overview and Level Annotations

Branches:
Dungeon (4/15)
 Temple: D:4-7

Altars:

Shops:
D:3 [

Annotations:
D:2 1 runed translucent door, Crazy Yiuf


Innate Abilities, Weirdness & Mutations

You are immune to sickness and miasma.
You are immune to poison.
Your flesh is very heat resistant. (rF++)
You are vulnerable to cold. (rC-)
You float through the air rather than walking.
You learn spells naturally, not from books.
Your magical power is your life essence.
You have superior vitality. (+4 MHP)


Message History

The ufetubus closely misses you.
The ufetubus hits you but does no damage.
You hit the ufetubus.
The ufetubus is heavily wounded.
The ufetubus hits you.
* * * LOW HITPOINT WARNING * * *
The ufetubus misses you.
You barely miss the ufetubus.
The ufetubus is heavily wounded.
The ufetubus hits you.
* * * LOW HITPOINT WARNING * * *
The ufetubus completely misses you. The ufetubus closely misses you.
The ufetubus hits you but does no damage.
You miss the ufetubus.
The ufetubus is heavily wounded.
The ufetubus closely misses you.
The ufetubus hits you but does no damage.
You barely miss the ufetubus.
The ufetubus is heavily wounded.
The ufetubus hits you but does no damage.
The ufetubus hits you.
* * * LOW HITPOINT WARNING * * *
The ufetubus closely misses you. The ufetubus hits you.
* * * LOW HITPOINT WARNING * * *
Unknown command.
Casting: Freeze (safe; 2% risk of failure)
Confirm with . or Enter, or press ? or * to list all spells.
The spell is extremely dangerous to miscast (26% risk of failure)!
Continue anyway?
You miscast Summon Ice Beast.
You are very lightly contaminated with residual magic.
A fistful of eyes flickers past your view.
* * * LOW HITPOINT WARNING * * *
A nameless horror comes into view.
The ufetubus completely misses you. The ufetubus barely misses you.
The ufetubus attacks as you move away! The ufetubus barely misses you. x2
The nameless horror attacks as you move away!
The nameless horror completely misses you.
The ufetubus hits you but does no damage.
The ufetubus hits you.
You die...

#.......#..........# #^......
#.....[.#..........####.......
#.......#........<...#........
#.......#.........[...........
#.......#.................>...
###.#.###.....................
#.:.#...##...#................
#.#####.##...#.........<.....#
#.# #......@X..............#
#.# ####...#5†..............
####.### #..................#.
.......# #....................
.......# #...............##...
.......# #........#...#..#..##
.......# ##.......#)#.#....##
.......# #.........#.#.#.##
.......#######......#.##...#.#


You could see a nameless horror and an ufetubus.

Vanquished Creatures
  An adder (D:2)
  An ufetubus (D:4)
  A worm (D:2)
  3 dart slugs
  3 orcs
  5 ball pythons
  4 bats
  2 endoplasms
  2 giant cockroaches (D:1)
  2 goblins (D:1)
  8 hobgoblins
  3 quokkas
  A frilled lizard (D:3)
  2 kobolds (D:1)
  6 rats
44 creatures vanquished.

Notes
Turn   | Place    | Note
-------+----------+-------------------------------------------
     0 | D:1      | cdecastro the Djinni Ice Elementalist began the quest for
                  | the Orb.
     0 | D:1      | cdecastro set off with the following spells memorised:
                  | Freeze, Frozen Ramparts, Ozocubu's Armour, Summon Ice
                  | Beast.
     0 | D:1      | Reached XP level 1. HP: 15/15 MP: 0/0
   222 | D:1      | Reached XP level 2. HP: 18/22 MP: 0/0
   476 | D:1      | Reached skill level 1 in Fighting
   479 | D:1      | You are sucked into a shaft and drop 1 floor!
   618 | D:2      | Reached XP level 3. HP: 21/27 MP: 0/0
   618 | D:2      | Learned a level 1 spell: Apportation
  1602 | D:2      | Found a runed translucent door.
  1603 | D:2      | Noticed Crazy Yiuf
  1896 | D:3      | Reached XP level 4. HP: 30/32 MP: 0/0
  1901 | D:2      | Reached skill level 4 in Spellcasting
  1981 | D:3      | Found Dec Sieff's Armour Emporium.
  2443 | D:3      | Noticed a nameless horror
  2444 | D:3      | Slain by an ufetubus

Illustrated notes

Levels and vault maps discovered:
D:1:      amcnicky_arrival_feature_with_door, layout_basic,
          serial_bayou_crossing
D:2:      layout_basic, nicolae_figureground_pulse, uniq_crazy_yiuf_cottage
D:3:      layout_rooms, serial_shops, shop
D:4:      layout_cave_pools, nicolae_grassy_gnolls

Skill      XL: |  1  2  3  4 |
---------------+-------------+-----
Fighting       | 1 |  1.9
Spellcasting   | 4 |  4.1
Dodging        | |  2.1
Stealth        | |  1.5

Action                     |  1- 3 |  4- 6 || total
---------------------------+-------+-------++-------
  Melee: Short sword       |    11 |    13 ||    24
   Cast: Freeze            |    49 |    25 ||    74
   Stab: Sleeping          |     2 |       ||     2
 Armour: Robe              |    15 |    18 ||    33
  Dodge: Dodged            |    34 |    61 ||    95
